 Dungeon Crawl Stone Soup version 0.27.1-16-g815e20cd7a (webtiles) character file.

Game seed: 8345064860556143937

14 zeram the Firebug (level 2, 0/20 HPs)
             Began as a Draconian Fire Elementalist on Nov 22, 2021.
             Frozen to death by an endoplasm (2 damage)
             ... on level 1 of the Dungeon.
             The game lasted 00:00:43 (528 turns).

zeram the Firebug (Draconian Fire Elementalist)      Turns: 528, Time: 00:00:44

Health: 0/20       AC:  4    Str: 10    XL:     2   Next: 31%
Magic:  5/5        EV: 12    Int: 15    God:
Gold:   10         SH:  0    Dex: 11    Spells: 4/5 levels left

rFire    . . .     SeeInvis .   a - +0 short sword
rCold    . . .     Faith    .   (no shield)
rNeg     . . .     Spirit   .   (armour unavailable)
rPois    .         Reflect  .   (helmet restricted)
rElec    .         Harm     .   (no cloak)
rCorr    .         Rampage  .   (no gloves)
Will     .....                  (no boots)
Stlth    ++........             (no amulet)
HPRegen  0.06/turn              (no ring)
MPRegen  0.09/turn              (no ring)

@: slowed, very slow
A: AC +4, unfitting armour, cold-blooded
a: no special abilities


You were on level 1 of the Dungeon.
You visited 1 branch of the dungeon, and saw 1 of its levels.

You collected 10 gold pieces.

Inventory:

Hand Weapons
 a - a +0 short sword (weapon)


   Skills:
 + Level 2.0 Dodging
 - Level 1.7 Stealth
 - Level 2.0 Spellcasting
 - Level 1.0 Conjurations
 + Level 3.6 Fire Magic


You had 4 spell levels left.
You knew the following spells:

 Your Spells              Type           Power      Damage    Failure   Level
a - Foxfire               Conj/Fire      32%        2x1d5     9%          1

Your spell library contained the following spells:

 Spells                   Type           Power      Damage    Failure   Level
 Conjure Flame            Conj/Fire      8%         6-21      26%         3
 Inner Flame              Hex/Fire       7%         N/A       30%         3
 Sticky Flame             Conj/Fire      8%         2d3       63%         4
 Fireball                 Conj/Fire      4%         3d4       93%         5


Dungeon Overview and Level Annotations

Branches:
Dungeon (1/15)

Altars:


Innate Abilities, Weirdness & Mutations

Your plain brown scales are hard. (AC +4)
You cannot fit into any form of body armour.
You are cold-blooded and may be slowed by cold attacks.


Message History

You hit the quokka.
The quokka is almost dead.
The endoplasm freezes you.
You are frozen.
You feel yourself slow down. The quokka closely misses you.
You are too injured to fight recklessly!
You are too injured to fight recklessly!
You are too injured to fight recklessly!
You are too injured to fight recklessly!
You are too injured to fight recklessly!
You are too injured to fight recklessly!
You are too injured to fight recklessly!
You are too injured to fight recklessly!
You are too injured to fight recklessly!
You are too injured to fight recklessly!
You are too injured to fight recklessly!
You are too injured to fight recklessly!
You are too injured to fight recklessly!
You are too injured to fight recklessly!
You are too injured to fight recklessly!
You are too injured to fight recklessly!
You are too injured to fight recklessly!
You are too injured to fight recklessly!
You are too injured to fight recklessly!
You are too injured to fight recklessly!
You are too injured to fight recklessly!
Unknown command.
You barely miss the quokka.
The quokka is almost dead.
The quokka closely misses you. The endoplasm hits you.
The quokka closely misses you. The endoplasm freezes you.
You are frozen.
* * * LOW HITPOINT WARNING * * *
You hit the quokka but do no damage.
The quokka is almost dead.
The quokka bites you.
* * * LOW HITPOINT WARNING * * *
The endoplasm freezes you.
You are frozen.
You die...

# ..# # ... ## #
#.# #. #. #.# #.
.##. #.# #.
.....##.#######
#######.
#..rJ.......
........
#@#############..#
#........# ##..#..
#####.##.# #.#...#
#######.# #...#..
#.......###.#...#
#.########....#..
#.#.........#...#
#.#.#####.#...#..
#.#.....#.#.#...#


You could see an endoplasm and a quokka.

Vanquished Creatures
  2 ball pythons (D:1)
  3 endoplasms (D:1)
  2 hobgoblins (D:1)
  A kobold (D:1)
  A quokka (D:1)
  2 bats (D:1)
  A frilled lizard (D:1)
12 creatures vanquished.

Vanquished Creatures (others)
  4 foxfires (D:1)
4 creatures vanquished.

Grand Total: 16 creatures vanquished

Notes
Turn   | Place    | Note
-------+----------+-------------------------------------------
     0 | D:1      | zeram the Draconian Fire Elementalist began the quest for
                  | the Orb.
     0 | D:1      | Reached XP level 1. HP: 14/14 MP: 3/3
   314 | D:1      | Reached XP level 2. HP: 17/20 MP: 5/5
   528 | D:1      | Frozen to death by an endoplasm

Illustrated notes

Levels and vault maps discovered:
D:1:      dpeg_arrival_short_road, layout_basic, serial_glass, glass_columns_b,
          glass_columns_a, hex_medium

Skill      XL: |  1  2 |
---------------+-------+-----
Dodging        | 2 |  2.0
Stealth        | |  1.7
Spellcasting   | |  2.0
Conjurations   | |  1.0
Fire Magic     | |  3.6

Action                   || total
-------------------------++-------
Melee: Short sword       ||    29
       Tailslap          ||     7
       Unarmed           ||     2
 Cast: Foxfire           ||     2
 Stab: Sleeping          ||     2
Armor: Skin              ||    17
Dodge: Dodged            ||    26
